 Dungeon Crawl Stone Soup version 0.21.1-1-g345015f (webtiles) character file.

1302 inc the Conjurer (level 8, 0/34 HPs)
             Began as a Felid Fire Elementalist on Feb 22, 2018.
             Was a Believer of Ashenzari.
             Slain by a killer bee (2 damage)
             ... on level 8 of the Dungeon.
             The game lasted 00:28:05 (10574 turns).

inc the Conjurer (Felid Fire Elementalist)         Turns: 10574, Time: 00:28:06

Health: 0/34       AC:  2    Str:  4    XL:     8   Next: 31%
Magic:  13/16      EV: 22    Int: 19    God:    Ashenzari [**....]
Gold:   400        SH:  0    Dex: 17    Spells: 7/17 levels left
                                        Lives:  0   Deaths: 2

rFire    . . .     SeeInvis +   (weapon unavailable)
rCold    . . .     Gourm    .   (shield unavailable)
rNeg     . . .     Faith    .   (armour unavailable)
rPois    +         Spirit   .   (helmet unavailable)
rElec    .         Reflect  .   (cloak unavailable)
rCorr    +         Harm     .   (gloves unavailable)
MR       +....                  (boots unavailable)
Stlth    ++........             g - amulet of rage
HPRegen  0.11/turn              e - ring of poison resistance (curse)
MPRegen  0.15/turn              k - ring of resist corrosion (curse)

@: confused, quick
A: very small, no armour, no weapons or thrown items, stealth, claws 1, fangs 3,
see invisible, carnivore, speed 1, shaggy fur 2, slow metabolism 1, sharp paws
a: Curse Item, Scrying, Renounce Religion, Evoke Berserk Rage


You were on level 8 of the Dungeon.
You worshipped Ashenzari.
Ashenzari was pleased with you.
You were not hungry.

You visited 2 branches of the dungeon, and saw 10 of its levels.

You collected 400 gold pieces.

Inventory:

Jewellery
 c - an uncursed ring of flight
 e - a cursed ring of poison resistance (left paw)
 g - an amulet of rage (around neck)
 k - a cursed ring of resist corrosion (right paw)
 D - an uncursed amulet of regeneration
Wands
 w - a wand of paralysis (5)
Scrolls
 i - 3 scrolls of blinking {unknown}
 j - 3 scrolls of magic mapping {unknown}
 n - a scroll of noise {unknown}
 p - 2 scrolls of amnesia {unknown}
 u - a scroll of fog {unknown}
 v - 5 scrolls of identify
 x - a scroll of random uselessness {unknown}
 y - 2 scrolls of silence {unknown}
 z - 5 scrolls of remove curse
 B - a scroll of teleportation {unknown}
Potions
 d - 2 potions of curing
 f - a potion of invisibility {unknown}
 h - a potion of brilliance
 l - 4 potions of resistance
 m - 2 potions of ambrosia
 o - a potion of flight
 q - a potion of lignification
 r - 4 potions of degeneration
 s - a potion of heal wounds {unknown}
 A - a potion of haste {unknown}
Books
 a - a book of Flames

   Spells                             Type                      Level
   a - Flame Tongue                   Conjuration/Fire             1
   b - Throw Flame                    Conjuration/Fire             2
   c - Conjure Flame                  Conjuration/Fire             3
   d - Inner Flame                    Hexes/Fire                   3
   e - Sticky Flame                   Conjuration/Fire             4
   f - Fireball                       Conjuration/Fire             5
 t - a book of Maledictions

   Spells                             Type                      Level
   a - Corona                         Hexes                        1
   b - Ensorcelled Hibernation        Hexes/Ice                    2
   c - Confuse                        Hexes                        3
   d - Tukima's Dance                 Hexes                        3
   e - Dazzling Spray                 Conjuration/Hexes            3
 C - a book of Cantrips

   Spells                             Type                      Level
   a - Confusing Touch                Hexes                        1
   b - Animate Skeleton               Necromancy                   1
   c - Summon Small Mammal            Summoning                    1
   d - Apportation                    Translocation                1
Comestibles
 b - 15 rations


   Skills:
 - Level 3.2 Fighting
 - Level 6.4 Dodging
 - Level 2.6 Stealth
 - Level 5.0 Spellcasting
 + Level 7.0(8.5) Conjurations
 + Level 7.0(8.5) Fire Magic


You had 7 spell levels left.
You knew the following spells:

 Your Spells              Type           Power        Failure   Level  Hunger
a - Flame Tongue          Conj/Fire      #####        1%          1    None
b - Sticky Flame          Conj/Fire      #####...     3%          4    ####...
c - Fireball              Conj/Fire      #####.....   10%         5    ######.


Dungeon Overview and Level Annotations

Branches:
Dungeon (9/15)             Temple (1/1) D:6
   Lair: D:8-11         Orc: D:9-12

Altars:
Ashenzari
Cheibriados
Dithmenos
Elyvilon
Fedhas
Gozag
Hepliaklqana
Kikubaaqudgha
Makhleb
Okawaru
Qazlal
Ru
Sif Muna
Trog
Uskayaw
Vehumet
Wu Jian
Xom
Yredelemnul
Zin
The Shining One

Annotations:
D:6 xccam's ghost, novice DrMo
D:7 Duvessa
D:8 Pikel


Innate Abilities, Weirdness & Mutations

You cannot wear armour.
You are incapable of wielding weapons or throwing items.
Your paws allow you to move quietly. (Stealth)
You have sharp claws.
You have razor-sharp teeth.
You have supernaturally acute eyesight. (SInv)
You are carnivorous and can eat meat at any time.
You cover ground quickly.
You are covered in thick fur. (AC +2)
You have a slow metabolism.
Your sharp claws are effective at attacking unaware monsters.


Message History

Casting: Sticky Flame
Confirm with . or Enter, or press ? or * to list all spells.
Aiming: Sticky Flame
Press: ? - help, Shift-Dir - straight line, f - killer bee, p - wolf
Aim: a killer bee The sticky flame hits the killer bee.
The killer bee is moderately wounded.
The killer bee is covered in liquid flames!
The killer bee burns!
The killer bee completely misses you. The slave hits you!
* * * LOW HITPOINT WARNING * * *
The killer bee stings you.
* * * LOW HITPOINT WARNING * * *
The slave barely misses you.
The wolf pauses to sniff the ground.
You are confused.
You feel invigorated.
The killer bee burns!
The killer bee completely misses you. The slave hits you.
* * * LOW HITPOINT WARNING * * *
The killer bee stings you.
You die...

############### *
#.....@yht....# #######
##....KpphF.r..# #......
#$..[..plp.....# #......
,
#...>.........y###r.....
#..,
.......<..)...r..'.Z....
..#
##....)........###ry....
#.# ..##.............#
#...... #.#
..=##.......[.....#
#......
#.#,....##.............#
#.r....


You could see Pikel, a crocodile, 4 slaves, 2 wolves, a bullfrog, 2 porcupines,
2 killer bees and a leopard gecko.

Vanquished Creatures
  Prince Ribbit (D:6)
  Menkaure (D:6)
  A steam dragon (D:6)
  A sky beast (D:5)
  2 orc warriors
  2 centaurs
  A wolf (D:8)
  3 ogres
  The ghost of Dioder the Magician, an amateur DEAE (D:3)
  4 bullfrogs
  Dowan (D:7)
  2 scorpions
  10 killer bees
  A hound (D:4)
  A bullfrog zombie (D:7)
  A jelly (D:7)
  An orc priest (D:5)
  A bullfrog skeleton (D:7)
  2 iguanas
  2 orc wizards
  4 worker ants
  Ijyb (D:4)
  4 gnolls (D:4)
  10 adders
  An ooze (D:6)
  An adder skeleton (D:5)
  4 worms
  4 dart slugs
  3 leopard geckos
  16 orcs
  2 ball pythons (D:1)
  12 bats
  5 giant cockroaches
  5 goblins
  6 hobgoblins (D:1)
  5 jackals
  9 kobolds
  3 quokkas
  4 frilled lizards
  A jackal skeleton (D:6)
  A jackal zombie (D:5)
  A leopard gecko skeleton (D:7)
  A quokka skeleton (D:3)
  13 rats
155 creatures vanquished.

Vanquished Creatures (others)
  A plant (D:8)
1 creature vanquished.

Grand Total: 156 creatures vanquished

Notes
Turn   | Place    | Note
-------+----------+-------------------------------------------
     0 | D:1      | inc the Felid Fire Elementalist began the quest for the Orb.
     0 | D:1      | Reached XP level 1. HP: 7/7 MP: 4/4
    12 | D:1      | Reached skill level 1 in Conjurations
   207 | D:1      | Reached XP level 2. HP: 11/11 MP: 1/6
   917 | D:1      | Reached XP level 3. HP: 14/14 MP: 3/7
  1120 | D:2      | Found a basalt altar of Yredelemnul.
  1124 | D:2      | Found a shattered altar of Ashenzari.
  1237 | D:2      | Became a worshipper of Ashenzari the Shackled
  1556 | D:2      | Reached XP level 4. HP: 18/18 MP: 3/8
  2413 | D:3      | Noticed Dioder's ghost (amateur DEAE)
  2569 | D:4      | Reached XP level 5. HP: 21/21 MP: 0/9
  2600 | D:4      | Found a hazy altar of Hepliaklqana.
  3131 | D:3      | Killed Dioder's ghost
  3222 | D:4      | Gained mutation: You are covered in thick fur. (AC +2) [Felid growth]
  3222 | D:4      | Reached XP level 6. HP: 25/25 MP: 4/10
  3476 | D:4      | Reached skill level 1 in Fighting
  3750 | D:4      | Reached * piety under Ashenzari
  3826 | D:4      | Noticed Ijyb
  3990 | D:5      | Entered Level 5 of the Dungeon
  3990 | D:5      | Found a blossoming altar of Fedhas.
  3990 | D:5      | Found a stormy altar of Qazlal.
  3990 | D:5      | Noticed a sky beast
  4000 | D:5      | Killed a sky beast
  4212 | D:5      | Learned a level 4 spell: Sticky Flame
  4250 | D:5      | Killed from afar by an orc priest
  4251 | D:5      | Reached XP level 5. HP: -6/24 MP: 2/9
  4655 | D:5      | Noticed a centaur
  4691 | D:5      | Reached XP level 6. HP: 28/28 MP: 5/10
  5034 | D:5      | Reached skill level 5 in Dodging
  5245 | D:5      | Reached XP level 7. HP: 12/31 MP: 2/11
  5737 | D:4      | Paralysed by Ijyb for 6 turns
  5743 | D:4      | Killed Ijyb
  5847 | D:4      | Reached ** piety under Ashenzari
  6534 | D:6      | Noticed xccam's ghost (novice DrMo)
  6592 | D:6      | Found a staircase to the Ecumenical Temple.
  6600 | Temple   | Entered the Ecumenical Temple
  6763 | D:6      | Found a deep blue altar of Sif Muna.
  6823 | D:6      | Noticed Menkaure
  6832 | D:6      | Killed Menkaure
  6832 | D:6      | Reached skill level 5 in Conjurations
  6832 | D:6      | Reached skill level 5 in Fire Magic
  7029 | D:6      | Found a glowing golden altar of the Shining One.
  7090 | D:6      | Noticed Prince Ribbit
  7101 | D:6      | Killed Prince Ribbit
  7101 | D:6      | Reached XP level 8. HP: 34/34 MP: 4/12
  7717 | D:7      | Noticed Dowan
  7718 | D:7      | Noticed Duvessa
  8134 | D:6      | Learned a level 5 spell: Fireball
  8879 | D:7      | HP: 1/34 [killer bee (8)]
  9251 | D:7      | Reached XP level 9. HP: 28/38 MP: 2/16
  9408 | D:7      | Found a shimmering altar of Xom.
  9480 | D:7      | Killed Dowan
  9529 | D:8      | Noticed Pikel
  9529 | D:8      | Noticed a two-headed ogre
  9816 | D:7      | Reached skill level 5 in Spellcasting
 10023 | D:8      | Found a snail-covered altar of Cheibriados.
 10551 | D:8      | HP: 1/38 [killer bee (10)]
 10554 | D:8      | Mangled by a bullfrog
 10555 | D:8      | Reached XP level 8. HP: -6/34 MP: 5/16
 10574 | D:8      | Slain by a killer bee

Skill      XL: |  1  2  3  4  5  6  7  8  9 |
---------------+----------------------------+-----
Conjurations   | 1 2 3 4 5 6 7 |  7.0
Fire Magic     | 3 4 5 7 |  7.0
Fighting       | 3 |  3.2
Dodging        | 4 6 |  6.4
Spellcasting   | 4 5 |  5.0
Stealth        | |  2.6

Action                   |  1- 3 |  4- 6 |  7- 9 || total
-------------------------+-------+-------+-------++-------
Melee: Unarmed           |     1 |     8 |    12 ||    21
       Bite              |       |     2 |       ||     2
 Cast: Flame Tongue      |    78 |   179 |   132 ||   389
       Sticky Flame      |       |       |    35 ||    35
Invok: Curse Item        |       |     2 |       ||     2
  Use: Scroll            |     3 |     5 |       ||     8
       Potion            |       |       |     4 ||     4
 Stab: Sleeping          |       |     1 |       ||     1
  Eat: Chunk             |     9 |     8 |    21 ||    38
Armor: Skin              |     2 |     6 |     3 ||    11
Dodge: Dodged            |    38 |    81 |   158 ||   277
